 Dungeon Crawl Stone Soup version 0.26-a0-537-g96b2eae49b (webtiles) character file.

Game seed: 2584082628078453032

81 MrRokkomies the Slasher (level 4, -1/38 HPs)
             Began as a Demigod Wanderer on Aug 14, 2020.
             Slain by a gnoll
             ... wielding a +0 halberd
              (14 damage)
             ... on level 2 of the Dungeon.
             The game lasted 00:01:57 (1171 turns).

MrRokkomies the Slasher (Demigod Wanderer)          Turns: 1171, Time: 00:01:58

Health: -1/38      AC:  7    Str: 15    XL:     4   Next: 0%
Magic:  6/6        EV: 12    Int: 15    God:
Gold:   46         SH:  0    Dex: 18    Spells: 3/3 levels left

rFire    . . .     SeeInvis .   a - +2 falchion
rCold    . . .     Faith    .   (no shield)
rNeg     . . .     Spirit   .   c - +0 robe
rPois    .         Reflect  .   (no helmet)
rElec    .         Harm     .   (no cloak)
rCorr    .                      (no gloves)
MR       .....                  g - +0 pair of boots
Stlth    ++........             (no amulet)
HPRegen  0.12/turn              k - +4 ring of protection
MPRegen  0.10/turn              (no ring)

@: no status effects
A: high mp 1
a: no special abilities


You were on level 2 of the Dungeon.
You visited 1 branch of the dungeon, and saw 2 of its levels.

You collected 46 gold pieces.

Inventory:

Hand Weapons
 a - a +2 falchion (weapon)
Armour
 c - a +0 robe (worn)
 g - a +0 pair of boots (worn)
Jewellery
 k - a +4 ring of protection (left hand)
Scrolls
 b - 2 scrolls of teleportation
 d - a scroll of random uselessness {unknown}
 e - 4 scrolls of identify {unknown}
Potions
 f - a potion of curing {unknown}
 h - a potion of brilliance {unknown}
 i - 3 potions of stabbing {unknown}
 j - a potion of magic {unknown}


   Skills:
 * Level 3.5 Fighting
 * Level 5.1 Long Blades
 + Level 1.3 Dodging
 - Level 1.0 Stealth
   Level 1.0 Evocations


You had 3 spell levels left.
You didn't know any spells.
Your spell library was empty.

Dungeon Overview and Level Annotations

Branches:
Dungeon (2/15)

Annotations:
D:2 Sigmund


Innate Abilities, Weirdness & Mutations

You have an increased reservoir of magic. (+10% MP)


Message History

The gnoll is lightly wounded.
The gnoll barely misses you.
You barely miss the gnoll.
The gnoll is lightly wounded.
The gnoll hits you but does no damage.
You hit the gnoll.
The gnoll is heavily wounded.
The gnoll hits you but does no damage. The gnoll closely misses you.
You slash the gnoll!
You kill the gnoll!
You have reached level 4!
The gnoll hits you from afar with a +0 halberd!
* * * LOW HITPOINT WARNING * * *
You see here a frilled lizard corpse.
A frilled lizard and a rat come into view.
Found 3 gold pieces.
There is a stone staircase leading down here.
The frilled lizard hisses angrily.
The gnoll hits you from afar with a +0 halberd!
You die...

... ..# #.##..#.## #..†......
#.# #.##...#.###.######## #.#
#######.....###.....##
#.####........#...#.......###
#......######.#....@>.......#
....(.## #.#.##.#......#.##
#####.# #.#g##.##....##..#
#.# #.#.##.##.#.####.# #.#
#>..@..##.#†# #<# #.#
#.#.#...#.#.####.# #.#
#.........#<.....# #.#
#.#.#l..###.###### #####.#
#......## #.. ...# # #.##r#
#... ..... #.. $# ##### .....
## .# ##..#


You could see a gnoll, a frilled lizard and a rat.

Vanquished Creatures
  2 gnolls (D:2)
  3 adders (D:2)
  2 dart slugs (D:1)
  2 leopard geckos (D:1)
  2 ball pythons (D:1)
  5 goblins
  3 hobgoblins
  2 bats
  2 frilled lizards
  4 kobolds
  4 rats
31 creatures vanquished.

Notes
Turn   | Place    | Note
-------+----------+-------------------------------------------
     0 | D:1      | MrRokkomies the Demigod Wanderer began the quest for the
                  | Orb.
     0 | D:1      | MrRokkomies set off with the following items: a +2
                  | falchion, 2 scrolls of teleportation, a +0 robe
     0 | D:1      | Reached XP level 1. HP: 18/18 MP: 3/3
   349 | D:1      | Reached XP level 2. HP: 25/26 MP: 4/4
   355 | D:1      | Found a shattered altar of Ashenzari.
   920 | D:2      | Noticed Sigmund
   934 | D:2      | Reached XP level 3. HP: 24/31 MP: 5/5
  1053 | D:2      | Reached skill level 1 in Dodging
  1108 | D:2      | Reached skill level 5 in Long Blades
  1143 | D:2      | Reached XP level 4. HP: 19/38 MP: 6/6
  1171 | D:2      | Slain by a gnoll

Illustrated notes

Levels and vault maps discovered:
D:1:      dpeg_arrival_three_same_balls, layout_loops_ring,
          nicolae_ashenzari_panopticon
D:2:      layout_loops_ring, minmay_circle_x, uniq_crazy_yiuf_cottage,
          uniq_sigmund

Skill      XL: |  1  2  3 |
---------------+----------+-----
Fighting       | 3 |  3.5
Dodging        | 1 |  1.3
Long Blades    | 5 |  5.1
Stealth        | |  1.0
Evocations     | |  1.0

Action                   |  1- 3 |  4- 6 || total
-------------------------+-------+-------++-------
Melee: Falchion          |    64 |       ||    64
 Stab: Sleeping          |     3 |       ||     3
Armor: Robe              |    22 |       ||    22
Dodge: Dodged            |    53 |       ||    53
       Rpst.: Falchion   |    10 |       ||    10

Table legend: (Time is in decaauts)
 A = Elapsed time spent in this place.
 B = Non-inter-level travel time spent in this place.
 C = Inter-level travel time spent in this place.
 D = Time resting spent in this place.
 E = Time spent auto-exploring this place.
 F = Levels seen in this place.
 G = Mean time per level.
                   A        B        C        D        E       F      G
               +--------+--------+--------+--------+--------+-----+--------+
         Total |   1174 |   1110 |     64 |     57 |    817 |   2 |  587.0 |
       Dungeon |   1174 |   1110 |     64 |     57 |    817 |   2 |  587.0 |
               +--------+--------+--------+--------+--------+-----+--------+

Top non-repeatable levels by time:
     D:1: 1004 daAuts
     D:2: 170 daAuts
